AoeStats
← Marsheimer

Arabia

504543582Analyzed
2v2 RM · 27d ago on Sep 5, 2026· 34m 10s· 4 players
Game mode
Random Map
Map size
Medium (4 player)
Population
200
Speed
Normal
Resources
Standard
Victory
Conquest
Starting age
Dark Age
Ending age
Imperial Age
RankedLock teamsTeams togetherTeam positionsShared explorationLock speedFull tech treeHidden civsTurbo modeCheats
Victory
Defeat
🇲🇽 Lithuanians · Mexico
564
+12
🇨🇱 Cumans · Chile
557
+13
🇩🇪 Franks · Germany
483
-21
🇩🇪 Britons · Germany
481
-21
BLACKTROOPER700
10:13 Feudal Age
10:17 Man-at-Arms
12:02 Double-Bit Axe
12:13 Loom
13:14 Horse Collar
22:40 Castle Age
22:26 Bloodlines
22:32 Stone Mining
22:49 Scale Mail Armor
23:05 Gold Mining
26:35 Forging
27:04 Scale Barding Armor
27:50 Bow Saw
29:28 Husbandry
30:39 Pikeman
32:53 Chain Barding Armor
34:00 Iron Casting
leoestradaduran
4:07 Loom
10:25 Feudal Age
11:54 Wheelbarrow
11:02 Horse Collar
11:09 Double-Bit Axe
11:15 Town Watch
15:17 Stone Mining
17:52 Gold Mining
25:06 Castle Age
23:27 Scale Mail Armor
25:53 Fletching
26:03 Padded Archer Armor
26:14 Forging
26:09 Scale Barding Armor
25:28 Pikeman
26:08 Squires
26:25 Hand Cart
26:23 Bow Saw
26:18 Heavy Plow
27:14 Gold Shaft Mining
27:12 Town Patrol
27:17 Arson
MiDi38
11:48 Feudal Age
14:16 Loom
28:25 Castle Age
Marsheimer
11:07 Feudal Age
23:06 Castle Age
25:02 Loom
26:58 Crossbowman
29:10 Squires
28:57 Arson
33:29 Loom
Connection lost

Rejoining the realm…

Still unreachable

The connection could not be restored.

Session expired

The server has moved on; the page needs a fresh start.